 Dungeon Crawl Stone Soup version 0.30-a0-652-gcc886f7154 (webtiles) character file.

Game seed: 15988967956108245152

2295 OTABOTABOTAB the Skirmisher (level 9, -3/55 HPs)
             Began as a Kobold Hunter on Jan 17, 2023.
             Was an Initiate of Okawaru.
             Slain by a killer bee (6 damage)
             ... on level 6 of the Dungeon on Jan 18, 2023.
             The game lasted 00:09:54 (6865 turns).

OTABOTABOTAB the Skirmisher (Kobold Hunter)         Turns: 6865, Time: 00:09:55

Health: -3/55      AC:  3    Str: 14    XL:     9   Next: 67%
Magic:  10/10      EV: 19    Int: 10    God:    Okawaru [......]
Gold:   229        SH:  0    Dex: 23    Spells: 8/8 levels left

rFire   . . .      SeeInvis .    a - +0 shortbow
rCold   + . .      Faith    .    (shield currently unavailable)
rNeg    . . .      Spirit   .    c - +0 leather armour
rPois   .          Reflect  .    (helmet restricted)
rElec   .          Harm     .    (no cloak)
rCorr   .          Rampage  .    (no gloves)
Will    .....                    (no boots)
Stlth   +++++                    (no amulet)
HPRegen 0.29/turn                C - ring of protection from cold {rC+, !d}
MPRegen 0.12/turn                w - +6 ring of strength

@: brilliant, lethally poisoned (-3 -> -8)
A: small, no large weapons, nightstalker 3, antennae 1
a: Renounce Religion


You were on level 6 of the Dungeon.
You worshipped Okawaru.
Okawaru was noncommittal.
You visited 2 branches of the dungeon, and saw 7 of its levels.

You collected 229 gold pieces.

Inventory:

Hand Weapons
 a - a +0 shortbow (weapon)
Missiles
 l - a boomerang of dispersal {=f}
 o - 7 poisoned darts
 s - 58 stones
 v - 3 boomerangs
Armour
 c - a +0 leather armour (worn)
 j - a +0 cloak
   (You took it off Crazy Yiuf on level 3 of the Dungeon)
Jewellery
 w - a +6 ring of strength (right hand)
   (You found it on level 6 of the Dungeon)
 x - the amulet of Truth {Faith rC+}
   (You found it on level 6 of the Dungeon)

   [amulet of faith]

   It allows you to gain divine favour quickly.
   rC:        It protects you from cold.
 C - a ring of protection from cold (left hand) {rC+, !d}
   (You found it on level 5 of the Dungeon)
Wands
 e - a wand of charming (8)
   (You found it on level 4 of the Dungeon)
 q - a wand of flame (6)
   (You found it on level 3 of the Dungeon)
Scrolls
 d - a scroll of brand weapon {unknown}
 f - 4 scrolls of poison {unknown}
 i - 2 scrolls of magic mapping {unknown}
 m - a scroll of noise {unknown}
 n - a scroll of enchant armour {unknown}
 p - a scroll of amnesia {unknown}
 K - 3 scrolls of immolation {!r}
 Y - 3 scrolls of teleportation {@r3}
Potions
 h - 2 potions of invisibility {unknown}
 r - a potion of degeneration {unknown}
 t - a potion of attraction {unknown}
 u - 2 potions of heal wounds {unknown}
 z - a potion of flight {unknown}
 B - 2 potions of brilliance
 M - 2 potions of magic
 U - a potion of mutation {!q}


   Skills:
 + Level 6.2 Fighting
 * Level 11.3 Ranged Weapons
 + Level 6.8 Dodging
 + Level 7.6 Stealth
 + Level 2.1 Invocations


You had 8 spell levels left.
You didn't know any spells.
Your spell library contained the following spells:

 Spells                   Type           Power      Damage    Failure   Level
 Kiss of Death            Conj/Necr      0%         2d5       43%         1
 Confusing Touch          Hex            0%         N/A       82%         3
 Dispel Undead            Necr           0%         3d6       99%         4
 Passage of Golubria      Tloc           0%         N/A       99%         4
 Alistair's Intoxication  Tmut/Pois      0%         N/A       100%        5
 Borgnjor's Vile Clutch   Necr/Erth      0%         N/A       100%        5
 Yara's Violent Unravell  Hex/Tmut       0%         3d3       100%        5
 Eringya's Noxious Bog    Tmut/Pois      0%         N/A       100%        6
 Tukima's Dance           Hex            Unusable   N/A       N/A         3

Dungeon Overview and Level Annotations

Branches:
Dungeon (6/15)             Temple (1/1) D:6

Altars:
Cheibriados
Kikubaaqudgha
Makhleb
Nemelex Xobeh
Okawaru
Wu Jian
The Shining One

Shops:
D:2 (*!(


Innate Abilities, Weirdness & Mutations

You are small and have problems with some larger weapons.
You are completely attuned to the shadows.
You have a pair of small antennae on your head.


Message History

You shoot an arrow. The arrow hits the electric eel!
The electric eel shoots out a bolt of lightning at you!
The bolt of electricity hits you!
The bolt of electricity hits the plant! x2
The plant begins to die.
You take 13 damage, and have 33/55 hp.
MASSIVE DAMAGE!!
Fire: a) +0 shortbow
Aim: an electric eel (water, almost dead, 57% to hit)
You shoot an arrow.
The arrow closely misses the electric eel.
A nearby plant withers and dies.
The electric eel shoots out a bolt of lightning at you!
The bolt of electricity misses you.
The bolt of electricity hits the plant!
Fire: a) +0 shortbow
Aim: an electric eel (water, almost dead, 57% to hit)
You shoot an arrow. The arrow hits the electric eel!
You kill the electric eel!
Okawaru accepts your kill.
You hear a splash.
Unknown command.
Unknown command.
Unknown command.
Unknown command.
Unknown command.
A nearby plant withers and dies.
An electric eel comes into view.
Health restored: 55 You shoot an arrow.
The arrow hits the electric eel!
You hear an angry buzzing noise.
A killer bee comes into view. x2
The killer bee moves out of view. x2
You shoot an arrow. The arrow misses the electric eel.
You hear an angry buzzing noise.
The electric eel shoots out a bolt of lightning at you!
The bolt of electricity hits you!
You take 9 damage, and have 46/55 hp.
You shoot an arrow. The arrow hits the electric eel!
You hear an angry buzzing noise.
The electric eel shoots out a bolt of lightning at you!
The bolt of electricity hits you.
The killer bee buzzes angrily.
You take 6 damage, and have 40/55 hp.
You shoot an arrow. The arrow hits the electric eel!
You kill the electric eel!
Okawaru accepts your kill.
You shoot an arrow.
The arrow closely misses the killer bee.
A killer bee comes into view.
The killer bee moves out of view.
You shoot an arrow. The arrow hits the killer bee!
You hear an angry buzzing noise.
The killer bee stings you.
You take 6 damage, and have 35/55 hp.
You shoot an arrow. The arrow misses the killer bee. x2
The killer bee buzzes angrily.
The killer bee closely misses you. The killer bee completely misses you.
The killer bee stings you.
You take 4 damage, and have 31/55 hp.
The killer bee attacks as you move away!
The killer bee stings you!
You are poisoned.
The killer bee poisons you!
The killer bee attacks as you move away!
The killer bee stings you.
You are more poisoned.
The killer bee poisons you!
* * * LOW HITPOINT WARNING * * *
You feel very sick. The killer bee barely misses you.
You take 15 damage, and have 16/55 hp.
MASSIVE DAMAGE!!
The killer bee attacks as you move away!
The killer bee closely misses you.
* * * LOW HITPOINT WARNING * * *
You feel very sick. The killer bee stings you.
* * * LOW HITPOINT WARNING * * *
You take 5 damage, and have 11/55 hp.
You are too injured to fight recklessly!
Unknown command.
It was a potion of brilliance.
You feel clever all of a sudden.
B - 2 potions of brilliance
* * * LOW HITPOINT WARNING * * *
You feel very sick. The killer bee stings you.
* * * LOW HITPOINT WARNING * * *
The killer bee barely misses you.
You take 5 damage, and have 6/55 hp.
It was a potion of magic.
Magic courses through your body.
M - 2 potions of magic
* * * LOW HITPOINT WARNING * * *
You feel sick. The killer bee misses you. The killer bee closely misses you.
You take 1 damage, and have 5/55 hp.
It was a potion of mutation.
You feel extremely strange. A pair of antennae grows on your head!
U - a potion of mutation
* * * LOW HITPOINT WARNING * * *
You feel sick. The killer bee stings you.
You die...

#.######..#.###...#.######
#.######.....#......#
#.##.....###..#...#.#
#.##.###.# #........#
#.##.###.###.###.#..#
#............# #.##.# #
####.######### ♣ #.#...)#
♣♣♣ #.#.##@# ~~P #.#.##y#
≈≈≈ #....#y# ≈≈≈
#.....y.~♣ ≈≈≈ ##...#.~♣P~
≈≈≈ ##..#.~♣ ~ ≈≈≈ #..#.~~
≈≈≈≈≈≈ ..... ~~≈≈≈≈≈≈ #.##
P~~≈≈≈≈≈


You could see 3 killer bees.

Vanquished Creatures
  Grinder (D:6)
  Eustachio (D:6)
  A water moccasin (D:6)
  A hornet zombie (D:5)
  An ogre (D:5)
  An orc warrior (D:6)
  A centaur (D:6)
  2 phantoms
  A bullfrog (D:6)
  3 necrophages
  2 scorpions
  A water moccasin zombie (D:5)
  A wight (D:5)
  2 electric eels (D:6)
  A howler monkey (D:4)
  A jelly (D:6)
  A centaur zombie (D:5)
  3 bullfrog zombies (D:5)
  A human zombie (D:5)
  2 hounds
  Crazy Yiuf (D:3)
  Jessica (D:2)
  A scorpion zombie (D:5)
  2 iguanas
  3 orc wizards
  Natasha (D:2)
  A hound zombie (D:5)
  11 adders
  3 gnolls (D:3)
  A white imp (D:6)
  An ufetubus (D:4)
  3 worms
  2 dart slugs (D:3)
  27 orcs
  8 ball pythons
  7 endoplasms
  4 giant cockroaches
  6 goblins
  8 hobgoblins
  2 jackals (D:1)
  7 quokkas
  7 bats
  3 frilled lizards
  7 kobolds
  10 rats
155 creatures vanquished.

Vanquished Creatures (others)
  4 fungi (D:1)
  7 plants
11 creatures vanquished.

Grand Total: 166 creatures vanquished

Notes
Turn   | Place    | Note
-------+----------+-------------------------------------------
     0 | D:1      | OTABOTABOTAB the Kobold Hunter began the quest for the Orb.
     0 | D:1      | Reached XP level 1. HP: 12/12 MP: 1/1
   113 | D:1      | Reached XP level 2. HP: 12/18 MP: 2/2
   270 | D:1      | Reached skill level 2 in Stealth
   358 | D:1      | Reached XP level 3. HP: 22/22 MP: 3/3
  1001 | D:1      | Found a faded altar of an unknown god.
  1133 | D:2      | Reached skill level 6 in Ranged Weapons
  1133 | D:2      | Reached skill level 3 in Dodging
  1248 | D:2      | You fall into a shaft and drop 2 floors!
  1277 | D:5      | Entered Level 5 of the Dungeon
  1321 | D:3      | Found an ornate altar of the Wu Jian Council.
  1321 | D:3      | Noticed a scorpion
  1323 | D:3      | Killed a scorpion
  1324 | D:3      | Reached skill level 3 in Fighting
  1324 | D:3      | Reached skill level 3 in Stealth
  1324 | D:3      | Reached XP level 4. HP: 28/28 MP: 4/4
  1324 | D:3      | Reached XP level 5. HP: 32/32 MP: 5/5
  1533 | D:2      | Found Gineyr's General Store.
  1578 | D:2      | Found Qounitea's Weapon Emporium.
  1630 | D:2      | Found Ecsaobin's Distillery.
  1642 | D:2      | Found Nusiskir's Antique Weapon Shoppe.
  2018 | D:2      | Noticed Jessica
  2022 | D:2      | Killed Jessica
  2023 | D:2      | Reached XP level 6. HP: 34/37 MP: 6/6
  2096 | D:2      | Reached skill level 7 in Ranged Weapons
  2144 | D:2      | Noticed Natasha
  2153 | D:2      | Killed Natasha
  2515 | D:3      | Reached skill level 4 in Dodging
  2523 | D:3      | Reached skill level 4 in Stealth
  2661 | D:3      | Found a snail-covered altar of Cheibriados.
  2676 | D:3      | Found a burning altar of Makhleb.
  2677 | D:3      | Found a glowing golden altar of the Shining One.
  2943 | D:3      | Found a runed translucent door.
  2946 | D:3      | Noticed Crazy Yiuf
  2951 | D:3      | Killed Crazy Yiuf
  2952 | D:3      | Reached XP level 7. HP: 42/42 MP: 7/7
  2987 | D:4      | Reached skill level 4 in Fighting
  3320 | D:4      | Reached skill level 8 in Ranged Weapons
  3731 | D:5      | Identified the +2 robe of the Mind {Harm +Blink rN+ Dex+3}
  3774 | D:5      | Reached skill level 5 in Stealth
  3922 | D:5      | Reached skill level 5 in Dodging
  3922 | D:5      | Reached XP level 8. HP: 48/48 MP: 8/8
  4380 | D:5      | Reached skill level 9 in Ranged Weapons
  4402 | D:5      | Found an ancient bone altar of Kikubaaqudgha.
  4423 | D:5      | Reached skill level 5 in Fighting
  4435 | D:5      | Reached skill level 6 in Stealth
  5026 | D:6      | HP: 8/49 [orc warrior/+0 battleaxe (20)]
  5028 | D:6      | HP: 2/49 [orc warrior/+0 battleaxe (3)]
  5031 | D:6      | Reached skill level 10 in Ranged Weapons
  5356 | D:6      | Reached skill level 6 in Dodging
  5356 | D:6      | Reached XP level 9. HP: 54/54 MP: 9/9
  5541 | D:6      | Found a staircase to the Ecumenical Temple.
  5547 | Temple   | Entered the Ecumenical Temple
  5571 | Temple   | Became a worshipper of Warmaster Okawaru
  5766 | D:6      | Noticed Eustachio
  5793 | D:6      | Killed Eustachio
  5794 | D:6      | Reached skill level 7 in Stealth
  5971 | D:6      | Noticed Grinder
  5999 | D:6      | Killed Grinder
  6000 | D:6      | Reached skill level 6 in Fighting
  6000 | D:6      | Reached skill level 1 in Invocations
  6183 | D:6      | Reached skill level 11 in Ranged Weapons
  6283 | D:6      | Identified the amulet of Truth {Faith rC+}
  6373 | D:6      | Reached skill level 2 in Invocations
  6374 | D:6      | HP: 11/55 [poisoned by a water moccasin]
  6379 | D:6      | HP: 6/55 [poisoned by a water moccasin]
  6862 | D:6      | HP: 12/55 [poisoned by a killer bee]
  6864 | D:6      | HP: 5/55 [poisoned by a killer bee]
  6865 | D:6      | Gained mutation: You have a pair of small antennae on your
                  | head. [potion of mutation]
  6865 | D:6      | Slain by a killer bee

Illustrated notes

Levels and vault maps discovered:
D:1:      lightli_arrival_isolated_outpost, layout_loops_ring,
          shapermc_ecumenical_altar_petra, roderic_serpentine_path, st_stairs_5
D:2:      layout_basic, serial_shops, shop, shop, nicolae_shop_waterfront, shop,
          uniq_jessica, uniq_natasha
D:3:      layout_rooms, mainiacjoe_overflow_six_doors_small,
          chequers_temple_overflow_statue_of_worship, minmay_between,
          uniq_crazy_yiuf_cottage
D:4:      layout_cave_pools
D:5:      layout_layer_cave, lemuel_mausoleum_altar_kikubaaqudgha
D:6:      layout_loops_corners, minmay_temple_entry_hall, serial_bayou,
          serial_bayou_lagoon_a, serial_bayou_lake_a, serial_bayou_pond_b,
          serial_bayou_pond_c, nicolae_figureground_sparkle, uniq_grinder,
          uniq_eustachio
Temple:   oiseaux_autumnal_temple

Skill      XL: |  1  2  3  4  5  6  7  8  9 |
---------------+----------------------------+-----
Stealth        | 2 3 4 5 6 7 |  7.6
Ranged Weapons | 6 7 8 10 11 | 11.3
Dodging        | 3 4 5 6 |  6.8
Fighting       | 3 4 5 6 |  6.2
Invocations    | 2 |  2.1

Action                   |  1- 3 |  4- 6 |  7- 9 || total
-------------------------+-------+-------+-------++-------
Melee: Unarmed           |       |       |     8 ||     8
       Punch             |       |       |     1 ||     1
 Fire: Shortbow          |   112 |   158 |   358 ||   628
Evoke: Wand              |       |       |     7 ||     7
  Use: Scroll            |       |       |     3 ||     3
       Potion            |       |       |     5 ||     5
Armor: Leather armour    |     8 |    12 |    27 ||    47
Dodge: Dodged            |    36 |    72 |   246 ||   354

Table legend: (Time is in decaauts)
 A = Elapsed time spent in this place.
 B = Non-inter-level travel time spent in this place.
 C = Inter-level travel time spent in this place.
 D = Time resting spent in this place.
 E = Time spent auto-exploring this place.
 F = Levels seen in this place.
 G = Mean time per level.
                   A        B        C        D        E       F      G
               +--------+--------+--------+--------+--------+-----+--------+
         Total |   7000 |   6783 |    217 |    483 |   5266 |   7 | 1000.0 |
       Dungeon |   6960 |   6758 |    202 |    483 |   5251 |   6 | 1160.0 |
        Temple |     40 |     25 |     15 |      0 |     15 |   1 |   40.0 |
               +--------+--------+--------+--------+--------+-----+--------+

Top non-repeatable levels by time:
     D:6: 1869 daAuts
     D:5: 1412 daAuts
     D:2: 1244 daAuts
     D:1: 1096 daAuts
     D:4: 691 daAuts
     D:3: 644 daAuts
  Temple: 40 daAuts

Table legend:
 A = Kills in this place as a percentage of kills in entire the game.
 B = Kills by you in this place as a percentage of kills by you in the entire game.
 C = Kills by friends in this place as a percentage of kills by friends in the entire game.
 D = Other kills in this place as a percentage of other kills in the entire game.
 E = Experience gained in this place as a percentage of experience gained in the entire game.
 F = Experience gained in this place divided by the number of levels of this place that you have seen.
                   A       B       C       D       E      F
               +-------+-------+-------+-------+-------+----------------------
         Total | 100.0 | 100.0 |   N/A |   N/A | 100.0 | 468.4
       Dungeon | 100.0 | 100.0 |   N/A |   N/A | 100.0 | 546.5
               +-------+-------+-------+-------+-------+----------------------
